Workbook

Sheet Clases CIIU
B2: CIIU Rev. 4 A.C. (2022) — Clases (4 dígitos)
B5: Sección | C5: Descripción sección | D5: División | E5: Descripción división | F5: Grupo | G5: Descripción grupo | H5: Clase | I5: Descripción clase
B6: A | C6: Agricultura, ganadería, caza, silvicultura y pesca | D6: 01 | E6: Agricultura, ganadería, caza y actividades de servicios conexas | F6: 011 | G6: Cultivos agrícolas transitorios | H6: 0111 | I6: Cultivo de cereales (excepto arroz), legumbres y semillas oleaginosas
B7: A | C7: Agricultura, ganadería, caza, silvicultura y pesca | D7: 01 | E7: Agricultura, ganadería, caza y actividades de servicios conexas | F7: 011 | G7: Cultivos agrícolas transitorios | H7: 0112 | I7: Cultivo de arroz
B8: A | C8: Agricultura, ganadería, caza, silvicultura y pesca | D8: 01 | E8: Agricultura, ganadería, caza y actividades de servicios conexas | F8: 011 | G8: Cultivos agrícolas transitorios | H8: 0113 | I8: Cultivo de hortalizas, raíces y tubérculos
B9: A | C9: Agricultura, ganadería, caza, silvicultura y pesca | D9: 01 | E9: Agricultura, ganadería, caza y actividades de servicios conexas | F9: 011 | G9: Cultivos agrícolas transitorios | H9: 0114 | I9: Cultivo de tabaco
B10: A | C10: Agricultura, ganadería, caza, silvicultura y pesca | D10: 01 | E10: Agricultura, ganadería, caza y actividades de servicios conexas | F10: 011 | G10: Cultivos agrícolas transitorios | H10: 0115 | I10: Cultivo de plantas textiles
B11: A | C11: Agricultura, ganadería, caza, silvicultura y pesca | D11: 01 | E11: Agricultura, ganadería, caza y actividades de servicios conexas | F11: 011 | G11: Cultivos agrícolas transitorios | H11: 0119 | I11: Otros cultivos transitorios n.c.p.
B12: A | C12: Agricultura, ganadería, caza, silvicultura y pesca | D12: 01 | E12: Agricultura, ganadería, caza y actividades de servicios conexas | F12: 012 | G12: Cultivos agrícolas permanentes | H12: 0121 | I12: Cultivo de frutas tropicales y subtropicales
B13: A | C13: Agricultura, ganadería, caza, silvicultura y pesca | D13: 01 | E13: Agricultura, ganadería, caza y actividades de servicios conexas | F13: 012 | G13: Cultivos agrícolas permanentes | H13: 0122 | I13: Cultivo de plátano y banano
B14: A | C14: Agricultura, ganadería, caza, silvicultura y pesca | D14: 01 | E14: Agricultura, ganadería, caza y actividades de servicios conexas | F14: 012 | G14: Cultivos agrícolas permanentes | H14: 0123 | I14: Cultivo de café
B15: A | C15: Agricultura, ganadería, caza, silvicultura y pesca | D15: 01 | E15: Agricultura, ganadería, caza y actividades de servicios conexas | F15: 012 | G15: Cultivos agrícolas permanentes | H15: 0124 | I15: Cultivo de caña de azúcar
B16: A | C16: Agricultura, ganadería, caza, silvicultura y pesca | D16: 01 | E16: Agricultura, ganadería, caza y actividades de servicios conexas | F16: 012 | G16: Cultivos agrícolas permanentes | H16: 0125 | I16: Cultivo de flor de corte
... B507: U | C507: Actividades de organizaciones y entidades extraterritoriales | D507: 99 | E507: Actividades de organizaciones y entidades extraterritoriales | F507: 990 | G507: Actividades de organizaciones y entidades extraterritoriales | H507: 9900 | I507: Actividades de organizaciones y entidades extraterritoriales

Sheet Otras CIIU
B2: Clase | C2: Descripción clase
B3: 0010 | C3: Asalariados.
B4: 0020 | C4: Pensionados.
B5: 0082 | C5: Personas Naturales Subsidiadas por Terceros
B6: 0090 | C6: Rentistas de Capital, solo para personas naturales.

Sheet Resumen por sección
B2: Resumen — clases por sección
B4: Sección | C4: Descripción | D4: Divisiones | E4: Grupos | F4: Clases
B5: A | C5: Agricultura, ganadería, caza, silvicultura y pesca | D5: 3 | E5: 13 | F5: =COUNTIF('Clases CIIU'!$B$6:$B$507,$B5) -> 36
B6: B | C6: Explotación de minas y canteras | D6: 5 | E6: 11 | F6: =COUNTIF('Clases CIIU'!$B$6:$B$507,$B6) -> 17
B7: C | C7: Industrias manufactureras | D7: 24 | E7: 76 | F7: =COUNTIF('Clases CIIU'!$B$6:$B$507,$B7) -> 152
B8: D | C8: Suministro de electricidad, gas, vapor y aire acondicionado | D8: 1 | E8: 3 | F8: =COUNTIF('Clases CIIU'!$B$6:$B$507,$B8) -> 6
B9: E | C9: Distribución de agua; evacuación y tratamiento de aguas residuales, gestión de desechos y actividades de saneamiento ambiental | D9: 4 | E9: 6 | F9: =COUNTIF('Clases CIIU'!$B$6:$B$507,$B9) -> 8
B10: F | C10: Construcción | D10: 3 | E10: 8 | F10: =COUNTIF('Clases CIIU'!$B$6:$B$507,$B10) -> 12
B11: G | C11: Comercio al por mayor y al por menor; reparación de vehículos automotores y motocicletas | D11: 3 | E11: 20 | F11: =COUNTIF('Clases CIIU'!$B$6:$B$507,$B11) -> 58
B12: H | C12: Transporte y almacenamiento | D12: 5 | E12: 11 | F12: =COUNTIF('Clases CIIU'!$B$6:$B$507,$B12) -> 22
B13: I | C13: Alojamiento y servicios de comida | D13: 2 | E13: 7 | F13: =COUNTIF('Clases CIIU'!$B$6:$B$507,$B13) -> 15
B14: J | C14: Información y comunicaciones | D14: 6 | E14: 13 | F14: =COUNTIF('Clases CIIU'!$B$6:$B$507,$B14) -> 23
B15: K | C15: Actividades financieras y de seguros | D15: 3 | E15: 10 | F15: =COUNTIF('Clases CIIU'!$B$6:$B$507,$B15) -> 33
B16: L | C16: Actividades inmobiliarias | D16: 1 | E16: 2 | F16: =COUNTIF('Clases CIIU'!$B$6:$B$507,$B16) -> 2
... B25: U | C25: Actividades de organizaciones y entidades extraterritoriales | D25: 1 | E25: 1 | F25: =COUNTIF('Clases CIIU'!$B$6:$B$507,$B25) -> 1
C26: Total | D26: =SUM(D5:D25) -> 88 | E26: =SUM(E5:E25) -> 246 | F26: =SUM(F5:F25) -> 502
